 Dungeon Crawl Stone Soup version 0.26.1-11-gd32895ea62 (webtiles) character file.

Game seed: 17599885373238752748

89 manyhoops the Ruffian (level 4, -2/38 HPs)
             Began as a Palentonga Transmuter on Apr 14, 2021.
             Shot with a stone by a goblin (5 damage)
             ... led by Robin
             ... on level 2 of the Dungeon.
             The game lasted 00:02:04 (1899 turns).

manyhoops the Ruffian (Palentonga Transmuter)       Turns: 1899, Time: 00:02:04

Health: -2/38      AC:  5    Str: 13    XL:     4   Next: 31%
Magic:  7/7        EV: 10    Int: 15    God:
Gold:   63         SH:  0    Dex: 10    Spells: 6/7 levels left

rFire    + . .     SeeInvis +     - Unarmed
rCold    . . .     Faith    .   (no shield)
rNeg     . . .     Spirit   .   e - +1 robe {rF+}
rPois    .         Reflect  .   (helmet currently unavailable)
rElec    .         Harm     .   (no cloak)
rCorr    .         Rampage  .   (no gloves)
Will     .....     Rnd*Tele +   (no barding)
Stlth    +.........             (no amulet)
HPRegen  0.12/turn              g - ring of teleportation (curse)
MPRegen  0.10/turn              (no ring)

@: appendages (expiring), attractive
A: large, horns 2, talons 2, rugged brown scales 3, see invisible, deformed
body, roll 1, armoured tail
a: Rolling Charge, End Transformation


You were on level 2 of the Dungeon.
You had grown temporary horns.
You had grown temporary talons.
You visited 1 branch of the dungeon, and saw 2 of its levels.

You collected 63 gold pieces.

Inventory:

Armour
 c - a cursed +0 helmet
 e - a +1 robe of fire resistance (worn)
Jewellery
 g - a cursed ring of teleportation (left hand)
Scrolls
 d - a scroll of blinking {unknown}
 f - a scroll of remove curse {unknown}
Potions
 a - a potion of degeneration {unknown}
 b - 4 potions of curing


   Skills:
 * Level 2.3 Fighting
 - Level 1.5 Dodging
 + Level 4.6 Unarmed Combat
 - Level 2.0 Spellcasting
 - Level 2.0 Transmutations


You had 6 spell levels left.
You knew the following spells:

 Your Spells              Type           Power        Failure   Level
a - Beastly Appendage     Tmut           14%          10%         1

Your spell library contained the following spells:

 Spells                   Type           Power        Failure   Level
 Wereblood                Tmut           7%           14%         2
 Spider Form              Tmut/Pois      2%           41%         3
 Ice Form                 Ice/Tmut       4%           82%         4
 Blade Hands              Tmut           3%           95%         5


Dungeon Overview and Level Annotations

Branches:
Dungeon (2/15)

Altars:


Innate Abilities, Weirdness & Mutations

You are completely covered in rugged brown scales. (AC +3, +7% HP)
You have supernaturally acute eyesight. (SInv)
Armour fits poorly on your strangely shaped body.
You can roll at nearby foes to attack.
You have a long armoured tail.
You have a pair of horns on your head.
You have razor-sharp toenails.


Message History

Unknown command.
You are too injured to fight recklessly!
You hit Robin.
You kill Robin!
The goblin hits you but does no damage.
Unknown command.
The goblin wields a +0 hunting sling.
The goblin shoots a stone.
The stone hits you.
* * * LOW HITPOINT WARNING * * *
The goblin is pulled toward you!
There is an open door, spattered with blood here.
Items here: ( ))))) [[ ††.
c - a cursed +0 helmet Your transformation is almost over.
The goblin unwields a +0 hunting sling.
The goblin closely misses you.
The goblin wields a +0 hunting sling.
The goblin shoots a stone.
The stone hits you but does no damage. The goblin is pulled toward you!
You see here a stone.
The goblin shoots a stone.
The stone hits you.
You die...

#.################
#.# #.# #.# #)#
#(# ####g##### #
#...(....# #
#...@....# #
#........# #
+........# #
#........# #
#........# #
########## # + # .


You could see a goblin (strong).

Vanquished Creatures
  Robin (D:2)
  An adder (D:2)
  3 worms (D:2)
  3 dart slugs
  A leopard gecko (D:1)
  4 bats (D:1)
  5 giant cockroaches
  5 hobgoblins
  2 quokkas (D:2)
  13 goblins (D:2)
  7 kobolds
  5 rats
50 creatures vanquished.

Notes
Turn   | Place    | Note
-------+----------+-------------------------------------------
     0 | D:1      | manyhoops the Palentonga Transmuter began the quest for the
                  | Orb.
     0 | D:1      | Reached XP level 1. HP: 17/17 MP: 3/3
   503 | D:1      | Reached XP level 2. HP: 24/24 MP: 0/5
  1197 | D:2      | Reached XP level 3. HP: 31/31 MP: 6/6
  1227 | D:2      | Reached skill level 4 in Unarmed Combat
  1859 | D:2      | Noticed Robin
  1866 | D:2      | Reached XP level 4. HP: 36/38 MP: 5/7
  1895 | D:2      | Killed Robin
  1899 | D:2      | Shot with a stone by a goblin

Illustrated notes

Levels and vault maps discovered:
D:1:      nicolae_arrival_memento_mori, layout_basic, st_stairs_14
D:2:      layout_basic, minmay_divided_ellipse, uniq_robin

Skill      XL: |  1  2  3 |
---------------+----------+-----
Unarmed Combat | 4 |  4.6
Fighting       | 2 |  2.3
Dodging        | |  1.5
Spellcasting   | |  2.0
Transmutations | |  2.0

Action                   |  1- 3 |  4- 6 || total
-------------------------+-------+-------++-------
Melee: Unarmed           |   134 |    27 ||   161
       Tailslap          |    11 |       ||    11
       Kick              |    12 |     6 ||    18
       Headbutt          |     4 |     1 ||     5
       Punch             |     3 |     1 ||     4
 Cast: Beastly Appendage |    13 |     1 ||    14
  Use: Potion            |     1 |     2 ||     3
Armor: Robe              |    63 |    11 ||    74
Dodge: Dodged            |    79 |    11 ||    90
